 Dungeon Crawl Stone Soup version 0.14-a0-736-g2a71271 (webtiles) character file.

221 EdWood the Firebug (level 3, 0/26 HPs)
             Began as a Lava Orc Fire Elementalist on Nov 7, 2013.
             Shot with a stone by Terence (4 damage)
             ... on Level 2 of the Dungeon.
             The game lasted 00:08:18 (2375 turns).

EdWood the Firebug (Lava Orc Fire Elementalist)     Turns: 2375, Time: 00:08:18

HP   0/26        AC  2     Str 10      XL: 3   Next: 82%
MP   6/6         EV 12     Int 16      God:
Gold 161         SH  0     Dex 11      Spells:  2 memorised,  1 level left

Res.Fire  : + + +   See Invis. : .   q - +0 dagger
Res.Cold  : x . .   Warding    : .   a - +0 orc robe
Life Prot.: . . .   Conserve   : .   (no shield)
Res.Poison: .       Res.Corr.  : .   (no helmet)
Res.Elec. : .       Clarity    : .   (no cloak)
Sust.Abil.: . .     Spirit.Shd : .   (no gloves)
Res.Mut.  : .       Stasis     : .   (no boots)
Res.Rott. : .       Flight     : .   (no amulet)
Saprovore : + . .                    (no ring)
                                     (no ring)

@: slowed, very slow, not resistant to hostile enchantments, unstealthy
A: conserve scrolls, saprovore 1
a: no special abilities


You were on level 2 of the Dungeon.
You were not hungry.

You visited 1 branch of the dungeon, and saw 2 of its levels.

You collected 161 gold pieces.

Inventory:

Hand weapons
 q - a +0,+0 dagger (weapon)
Armour
 a - a +0 orcish robe (worn)
 p - a +0 elven cloak
Comestibles
 c - a meat ration
 d - 2 lemons
 g - a rambutan
 h - 2 apples
 i - a pear
 s - 3 rotting chunks of hobgoblin flesh
 t - 2 rotting chunks of goblin flesh
 u - a chunk of bat flesh
 v - a chunk of rat flesh
Scrolls
 e - 2 scrolls of remove curse {unknown}
 j - a scroll of magic mapping {unknown}
 k - a scroll of enchant weapon I {unknown}
 l - 2 scrolls of teleportation {unknown}
 n - a scroll of enchant weapon II {unknown}
 o - a scroll of enchant armour {unknown}
Books
 b - a book of Flames

   Spells                             Type                      Level
   *Flame Tongue                      Conjuration/Fire             1
   Throw Flame                        Conjuration/Fire             2
   *Conjure Flame                     Conjuration/Fire             3
   Inner Flame                        Hexes/Fire                   3
   Sticky Flame                       Conjuration/Fire             4
   Fireball                           Conjuration/Fire             5


   Skills:
 - Level 1.5 Dodging
 - Level 1.5 Stealth
 + Level 1.7 Spellcasting
 * Level 2.4 Conjurations
 + Level 4.3 Fire Magic


You had one spell level left.
You knew the following spells:

 Your Spells              Type           Power        Failure   Level  Hunger
a - Flame Tongue          Conj/Fire      ####.        8%          1    ##.....
b - Conjure Flame         Conj/Fire      ####....     17%         3    ####...


Dungeon Overview and Level Annotations

Branches:
Dungeon (2/27)

Altars:

Annotations:
D:2 Sigmund, Terence


Innate Abilities, Weirdness & Mutations

You have stony skin.
Your flesh is almost immune to the effects of heat.
Your fire spells are more powerful.
Your flesh is vulnerable to cold.
Your heat harms attackers.
You bathe your surroundings in blazing heat.
You are too hot to use scrolls.
You are very good at protecting items from fire.
You can tolerate rotten meat.


Message History

Terence is burned by your radiant heat.
Terence is lightly wounded.
Terence hits you with an orcish whip.
Terence appears unharmed.
The giant cockroach is burned by your radiant heat.
You kill the giant cockroach!
It hits you.
* * * LOW HITPOINT WARNING * * *
Terence is burned by your radiant heat.
Terence is moderately wounded.
Terence barely misses you. The rat is burned by your radiant heat.
You kill the rat!
Terence unwields an uncursed orcish whip.
Terence wields an uncursed sling.
Terence shoots a stone.
The stone misses you.
Terence shoots a stone.
The stone misses you. It hits you.
* * * LOW HITPOINT WARNING * * *
Terence shoots a stone.
The stone misses you.
You see here 2 stones.
There is an open door here.
Terence shoots a stone.
The stone hits you!
You die...

.# .# ## ###########
############
#...%....(#####.....!....#
#.......{('@.##.........(#
#.......@.##..#(.........#
#.....%...###.(.....$....#
#.....)...# ###..........#
#...).....# #........(.#
#.........# #..........#
#.........# #..........#
#(........# #########.##
##(######## #####..#


You could see Terence.

Vanquished Creatures
  A giant mite (D:1)
  A worm (D:2)
  3 ball pythons
  6 hobgoblins
  3 jackals (D:1)
  6 kobolds
  A quokka (D:2)
  5 bats
  3 giant cockroaches
  5 giant newts
  7 goblins
  8 rats
49 creatures vanquished.

Notes
Turn   | Place    | Note
--------------------------------------------------------------
     0 | D:1      | EdWood, the Lava Orc Fire Elementalist, began the quest for the Orb.
     0 | D:1      | Reached XP level 1. HP: 14/14 MP: 3/3
   257 | D:1      | Reached XP level 2. HP: 12/20 MP: 1/4
  1237 | D:1      | Reached XP level 3. HP: 26/26 MP: 3/6
  1430 | D:2      | Learned a level 3 spell: Conjure Flame
  1433 | D:2      | Reached skill level 4 in Fire Magic
  1636 | D:2      | Noticed Sigmund
  2269 | D:2      | Noticed Terence
  2361 | D:2      | HP: 1/26 [Sigmund/scythe (7)]
  2375 | D:2      | Shot with a stone by Terence

Action                   || total
-------------------------++-------
Melee: Unarmed           ||    38
       Dagger            ||    30
 Cast: Flame Tongue      ||    71
       Conjure Flame     ||     1
  Use: Potion            ||     3
       Scroll            ||     1
